AoeStats
← maxicandiaampuero

Arabia

509996574Analyzed
1v1 RM · 4d ago on Sep 29, 2026· 42m 16s· 2 players
Game mode
Random Map
Map size
Tiny (2 player)
Population
200
Speed
Normal
Resources
Standard
Victory
Conquest
Starting age
Dark Age
Ending age
Imperial Age
RankedLock teamsTeams togetherTeam positionsShared explorationLock speedFull tech treeHidden civsTurbo modeCheats
Victory
Defeat
🇨🇱 Britons · Chile
1038
+15
🇲🇽 Portuguese · Mexico
1019
-15
HR
8:30 Loom
9:22 Loom
11:33 Feudal Age
13:04 Double-Bit Axe
21:58 Castle Age
20:56 Horse Collar
21:10 Gold Mining
21:57 Scale Barding Armor
21:44 Fletching
23:04 Bloodlines
22:58 Husbandry
24:13 Forging
28:05 Chain Barding Armor
29:25 Iron Casting
30:32 Elite Skirmisher
31:18 Thumb Ring
31:23 Padded Archer Armor
31:18 Bodkin Arrow
37:12 Ballistics
maxicandiaampuero
0:37 Loom
15:19 Feudal Age
15:56 Double-Bit Axe
15:57 Horse Collar
23:46 Padded Archer Armor
23:36 Fletching
24:54 Gold Mining
24:55 Stone Mining
27:49 Castle Age
29:36 Crossbowman
30:38 Bow Saw
31:04 Heavy Plow
31:45 Gold Shaft Mining
32:17 Ballistics
31:56 Bodkin Arrow
32:59 Murder Holes
34:03 Leather Archer Armor
39:57 Imperial Age
38:05 Wheelbarrow
41:58 Chemistry
41:03 Siege Engineers
42:16 Arbalester
Connection lost

Rejoining the realm…

Still unreachable

The connection could not be restored.

Session expired

The server has moved on; the page needs a fresh start.